← All builds
Tech / Armada / Economy first / OBSERVED BUILD

Standard tech

Armada Tech (Eco) build order · Supreme Isthmus

Rushes T2 by 4:15, gets Advanced Metal Extractor around 5:28, hands off T2 constructors to Geo and the team, then scales eco and supplies the team's T2 needs through the rest of the game.

Usually first T2 con to Geo (83%)

#eco #t2 #team support · 1591 distinct matches · 254 players · 60% of Armada Tech games · team won 53% of 1901 · Recently observed

HOW TO PLAY IT

Key timing: T2 factory by 4:15

  1. Open 3 mex and heavy wind to fund a fast T2 rush.
  2. Put down Bot Lab, planning to eat it for reclaim soon after.
  3. Get Advanced Bot Lab up, hitting the T2 factory rush timing.
  4. Upgrade mex to Advanced Metal Extractor to lock in team metal income.
  5. Eat Advanced Bot Lab and keep sending cons to Geo and Pond.

Phase by phase

TYPICAL OF ITS 1591 GAMES
  1. 1
  2. 2
  3. 3
  4. 4
PLAY THE OPENING

Follow the example game's first 6:00 step by step: what to build now, what comes next, and where it goes. At 1× it keeps pace with your own game.

  1. 1

    Up to the Bot Lab

    Economy
    • Metal Extractor3Mex
    • Wind Turbine4Wind
    Order
    1. Bot LabBot Lab after 3 mex, 4 winddone ~1:18, middle half 1:13–1:32

    Some games also: energy storage (31%)

    By 1:01 in all: 3 mex · 4 wind

    The example game in this phase · 3 steps
    1. Mex ×3
    2. Wind ×4
    3. Bot LabBot Labdone 1:13 · typical 1:18
  2. 2

    Bot Lab to Advanced Bot Lab

    Economy
    • Metal Extractor1Mex
    • Wind Turbine8Wind
    • Energy Storage1Energy storage
    Order
    1. Advanced Bot LabAdvanced Bot Lab after 4 mex, 12 wind, 3 con turretdone ~4:16, middle half 4:04–4:30
    Builders
    • Construction Turret3 Con turret
    • Lazarus3 Lazarus
    • Construction Bot2 Con bot
    • Construction Bot1 Con bot for allies

    Some games also: converter (36%)

    By 3:18 in all: 4 mex · 12 wind · 1 energy storage · 3 con turret

    The example game in this phase · 19 steps
    1. LazarusLazarus ×2
    2. Construction BotCon botfor Air
    3. Construction BotCon bot
    4. LazarusLazarus
    5. Con turret
    6. LazarusLazarus
    7. Wind ×2
    8. Mex
    9. Wind
    10. Con turret
    11. Wind ×3
    12. Converter
    13. Wind ×3
    14. Con turret
    15. Wind
    16. Energy storage
    17. Converter
    18. Wind
    19. Advanced Bot LabAdvanced Bot Labdone 4:13 · typical 4:16
  3. 3

    Advanced Bot Lab to 5:00

    Economy
    • Wind Turbine3Wind
    Order
    1. Bot LabEat Bot Lab
    Builders
    • Advanced Construction Bot1 T2 con bot for allies

    Some games also: converter (35%)

    By 5:00 in all: 4 mex · 15 wind · 1 converter · 1 energy storage · 3 con turret

    The example game in this phase · 5 steps
    1. Bot LabEat Bot Labreclaimed for its metal
    2. Advanced Construction BotT2 con botfor Geo
    3. GunslingerGunslingerfor Ponddone 4:38
    4. Advanced Construction BotT2 con botfor Air
    5. Advanced Metal ExtractorT2 mexdone 5:29 · typical 5:28
  4. 4

    5:00 to 10:00

    Economy
    • Wind Turbine43Wind
    • Energy Converter6Converter
    Builders
    • Butler9 Butler
    • Advanced Construction Bot4 T2 con bot for allies
    • Advanced Construction Bot1 T2 con bot

    Some games also: con turret (43%) · Butler for allies (37%)

    By 10:00 in all: 4 mex · 58 wind · 8 converter · 1 energy storage · 3 con turret

    The example game in this phase · 255 steps
    1. Advanced Metal ExtractorT2 mex ×2
    2. Advanced Construction BotT2 con botfor Geo sea
    3. ButlerButler
    4. Wind
    5. ButlerButler
    6. Wind
    7. Advanced Metal ExtractorT2 mex
    8. Wind ×5
    9. ButlerButler ×2
    10. Wind
    11. ButlerButler
    12. Wind
    13. ButlerButler
    14. Wind ×2
    15. ButlerButler
    16. Wind ×2
    17. ButlerButler
    18. Wind
    19. Advanced Construction BotT2 con botfor Beach sea
    20. Wind ×3
    21. Converter
    22. Wind ×3
    23. Advanced Construction BotT2 con botfor Pond
    24. Wind
    25. Converter
    26. Wind ×4
    27. Converter
    28. ButlerButlerfor Geo sea
    29. Wind ×3
    30. Con turret
    31. ButlerButlerfor Geo sea
    32. Wind
    33. Converter
    34. Wind ×4
    35. Con turret
    36. Wind ×2
    37. ButlerButlerfor Beach sea
    38. Wind
    39. Energy storage
    40. Wind
    41. Converter
    42. Wind ×3
    43. ButlerButlerfor Beach sea
    44. Energy storage
    45. Converter
    46. Wind ×4
    47. Converter
    48. Wind ×2
    49. Energy storage
    50. Wind ×3
    51. Converter
    52. Wind
    53. Aircraft PlantAircraft Plantdone 9:50
    54. Wind ×3
    55. Converter
    56. Wind ×5
    57. Converter
    58. Wind ×2
    59. Con turret
    60. Construction AircraftCon aircraft
    61. Wind ×2
    62. Advanced Bot LabEat Advanced Bot Labreclaimed for its metal
    63. Converter
    64. Wind ×3
    65. StormbringerBomber
    66. Wind
    67. Con turret
    68. Wind
    69. Con turret
    70. Converter
    71. Wind ×2
    72. Con turret
    73. Wind ×2
    74. Con turret
    75. StormbringerBomber
    76. Wind
    77. Converter
    78. Wind ×2
    79. StormbringerBomber
    80. Con turret
    81. Wind ×3
    82. Con turret ×2
    83. Converter
    84. Wind
    85. Con turret
    86. Wind ×2
    87. StormbringerBomber
    88. Wind ×2
    89. StormbringerBomber
    90. Wind
    91. StormbringerBomber
    92. Wind ×2
    93. Converter
    94. StormbringerBomber
    95. Wind ×2
    96. StormbringerBomber
    97. Wind ×4
    98. StormbringerBomber
    99. Wind ×2
    100. StormbringerBomber
    101. Converter
    102. Wind
    103. StormbringerBomber
    104. Wind ×4
    105. Advanced solar
    106. Wind ×3
    107. Converter
    108. Wind ×2
    109. StormbringerBomber
    110. Wind
    111. Advanced solar
    112. Wind ×3
    113. StormbringerBomber
    114. Converter
    115. Wind
    116. StormbringerBomber
    117. Wind ×3
    118. Converter
    119. StormbringerBomber
    120. Wind ×2
    121. StormbringerBomber
    122. Converter
    123. StormbringerBomber
    124. Wind ×4
    125. StormbringerBomber
    126. Converter
    127. BlinkScout plane
    128. Wind
    129. BlinkScout plane
    130. FalconFighter
    131. Wind ×2
    132. FalconFighter
    133. Wind
    134. Converter
    135. FalconFighter
    136. Wind ×2
    137. FalconFighter
    138. Wind ×2
    139. FalconFighter
    140. Wind
    141. FalconFighter
    142. Wind
    143. Converter
    144. Wind
    145. FalconFighter
    146. Wind
    147. FalconFighter
    148. Wind
    149. FalconFighter
    150. Wind ×2
    151. FalconFighter
    152. Converter
    153. Wind
    154. FalconFighter ×2
    155. Wind ×2
    156. FalconFighter
    157. Wind
    158. FalconFighter
    159. Wind ×2
    160. FalconFighter
    161. Converter
    162. StormbringerBomber
    163. Wind ×2
    164. StormbringerBomber
    165. Wind ×2
    166. StormbringerBomber
    167. Wind
    168. Converter
    169. FalconFighter
    170. Wind ×3
    171. FalconFighter ×2
    172. Wind
    173. FalconFighter
    174. Wind ×3
    175. FalconFighter
    176. Wind
    177. Converter
    178. FalconFighter
    179. Wind
    180. FalconFighter
    181. Wind
    182. FalconFighter
    183. Wind ×3
    184. FalconFighter ×2
    185. Wind
    186. Converter
    187. FalconFighter
    188. Wind ×2
    189. FalconFighter
    190. Wind
    191. FalconFighter ×2
    192. Wind ×3
    193. Converter
    194. FalconFighter
    195. Wind
    196. FalconFighter
    197. StormbringerBomber
    198. Wind ×2
    199. StormbringerBomber
    200. Converter
    201. StormbringerBomber
    202. Wind ×2
    203. StormbringerBomber
    204. Wind
    205. StormbringerBomber
    206. Wind
    207. StormbringerBomber
    208. Wind
    209. Converter
    210. Wind
    211. StormbringerBomber ×2
    212. Wind ×2
    213. StormbringerBomber
    214. Wind
    215. Converter
    216. StormbringerBomber ×2
    217. Wind ×3
    218. Converter
    219. StormbringerBomber ×2
    220. Wind ×2
    221. Converter
    222. Wind
    223. StormbringerBomber ×3
    224. Wind ×2
    225. Converter
    226. Wind
    227. StormbringerBomber ×2
    228. Wind
    229. StormbringerBomber
    230. Wind ×2
    231. StormbringerBomber
    232. Converter
    233. StormbringerBomber
    234. Wind ×2
    235. StormbringerBomber
    236. Converter
    237. StormbringerBomber
    238. Wind
    239. StormbringerBomber
    240. Wind ×2
    241. StormbringerBomber
    242. Converter
    243. Wind
    244. FalconFighter
    245. Wind ×2
    246. FalconFighter
    247. Converter
    248. FalconFighter ×2
    249. Wind ×3
    250. FalconFighter
    251. Converter
    252. FalconFighter ×2
    253. Converter
    254. Wind ×3
    255. FalconFighter ×2

Counts are medians over the build's games: half of them build more, half fewer. The example game is Syphos's (42 OS, 13/10/2026); pick another.

Team trades

IN AT LEAST 30% OF ITS GAMES

You hand over

  • Construction Bot1 Con bot to Airfirst at 2:23 · in 84% of games
  • Advanced Construction Bot5 T2 con bot to Air or Pond or Geo seafirst at 4:50 · in 99% of games
  • Butler2 Butler to Geo sea or Beach sea or Pondfirst at 9:06 · in 42% of games

You get

  • Hercules1 Light transport from Airfirst at 4:01 · in 86% of games

How it plays out

Typical game of this build, running totals by minute

Metal produced

020k40k
0:005:0010:0015:00

metal

Enemy metal destroyed

050100150
0:005:0010:0015:00

metal

Own metal lost

050100150
0:005:0010:0015:00

metal

1901 games.

Show as table
ByMetal produced: This buildEnemy metal destroyed: This buildOwn metal lost: This build
1:0038300
2:0091500
3:00165200
4:00314400
5:00484800
6:00580200
7:00723000
8:00906500
9:001117900
10:001352400
11:001624200
12:001965200
13:002342800
14:0027285074
15:0031507115130
WHAT THE NUMBERS SAY

Standard Tech play barely fights at all early, instead pouring metal into T2 infrastructure and constructors for the team.

  • + Metal produced hits 31679 by 15:00, by far the highest of any role here.
  • + T2 factory reached in 97% of games by 4:15, fastest and most reliable T2 timing.
  • − Enemy metal destroyed stays at 0 through 10:00, no early offense at all.
  • − Own metal lost also near 0, showing total avoidance of combat risk.
THE EXAMPLE YOU ARE READING

Syphos

41.5 OS · 13/10/2026

Open source match ↗

3 received units · includes a constructor
1695 metal received · 65004 energy received

Allied construction assistance is unknown. Timings are observations, not a promise of solo reproducibility.

Typical milestones

Bot Lab1:18Middle 50%: 1:13–1:32 · n=1901
Advanced Bot Lab4:16Middle 50%: 4:04–4:30 · n=1894
Advanced Metal Extractor5:28Middle 50%: 5:05–5:59 · n=1897

Played most by

Amrissa97games of this buildTheGeneraI70games of this buildAdeus57games of this buildEl_Turco55games of this buildKOT_45games of this build